 Dungeon Crawl Stone Soup version 0.21.1-1-g345015f (webtiles) character file.

3024 infcreate the Basher (level 9, -1/79 HPs)
             Began as a Minotaur Fighter on Apr 27, 2018.
             Was a Believer of Trog.
             Killed from afar by an electric eel (8 damage)
             ... with a bolt of electricity
             ... on level 7 of the Dungeon.
             The game lasted 00:49:18 (7336 turns).

infcreate the Basher (Minotaur Fighter)             Turns: 7336, Time: 00:49:19

Health: -1/79      AC: 13    Str: 25    XL:     9   Next: 55%
Magic:  8/8        EV:  8    Int:  5    God:    Trog [**....]
Gold:   200        SH: 12    Dex: 11    Spells: 8/8 levels left

rFire    . . .     SeeInvis .   A - +2 flail (crush)
rCold    . . .     Gourm    .   c - +0 shield
rNeg     . . .     Faith    .   n - +3 scale mail
rPois    .         Spirit   .   x - +2 hat
rElec    .         Reflect  .   (no cloak)
rCorr    .         Harm     .   l - +2 pair of gloves
MR       .....                  (no boots)
Stlth    ..........             (no amulet)
HPRegen  0.23/turn              u - -3 ring of protection (curse)
MPRegen  0.11/turn              s - +2 ring of dexterity

@: no status effects
A: retaliatory headbutt, horns 2
a: Berserk, Trog's Hand, Burn Spellbooks, Renounce Religion


You were on level 7 of the Dungeon.
You worshipped Trog.
Trog was pleased with you.
You were not hungry.

You visited 1 branch of the dungeon, and saw 7 of its levels.
You also visited: Sewer and Ossuary.

You collected 360 gold pieces.
You spent 160 gold pieces at shops.

Inventory:

Hand Weapons
 A - a +2 flail of crushing (weapon)
Armour
 c - a +0 shield (worn)
 l - a +2 pair of gloves (worn)
 n - a +3 scale mail (worn)
 x - a +2 hat (worn)
Jewellery
 s - a +2 ring of dexterity (right hand)
 u - a cursed -3 ring of protection (left hand)
 w - a +4 ring of strength {unknown}
 y - an uncursed ring of stealth {unknown}
Scrolls
 b - 3 scrolls of magic mapping {unknown}
 g - 4 scrolls of identify
 i - 3 scrolls of blinking
 j - a scroll of random uselessness
 k - 3 scrolls of enchant armour
 t - 3 scrolls of teleportation
 v - a scroll of amnesia
Potions
 a - a potion of haste {unknown}
 d - 2 potions of might
 e - a potion of agility
 h - 2 potions of curing {unknown}
 o - a potion of berserk rage {unknown}
 p - 7 potions of heal wounds {unknown}
 q - 6 potions of lignification {unknown}
 r - 3 potions of degeneration {unknown}
 z - a potion of flight {unknown}
Comestibles
 f - 8 rations


   Skills:
 + Level 7.2 Fighting
 + Level 10.7 Maces & Flails
 + Level 7.5 Armour
 + Level 8.7 Shields


You had 8 spell levels left.
You didn't know any spells.

Dungeon Overview and Level Annotations

Branches:
Dungeon (7/15)
 Temple: D:4-7

Altars:
Cheibriados
Sif Muna
Trog
Uskayaw
Vehumet
Wu Jian

Shops:
D:4 *[   D:7 (


Innate Abilities, Weirdness & Mutations

You reflexively headbutt those who attack you in melee.
You have a pair of horns on your head.


Message History

The electric eel shoots out a bolt of lightning at you!
The bolt of electricity hits you!
The bolt of electricity hits the plant.
The electric eel shoots out a bolt of lightning at you!
The bolt of electricity hits you!
* * * LOW HITPOINT WARNING * * *
The bolt of electricity hits the plant.
An adder comes into view.
The adder hisses angrily.
The electric eel shoots out a bolt of lightning at you!
The bolt of electricity hits you!
* * * LOW HITPOINT WARNING * * *
The electric eel shoots out a bolt of lightning at you!
The bolt of electricity hits you!
* * * LOW HITPOINT WARNING * * *
An adder zombie comes into view.
The electric eel shoots out a bolt of lightning at you!
The bolt of electricity hits you!
* * * LOW HITPOINT WARNING * * *
The bolt of electricity hits you!
You die...

♣♣♣
#####♣♣♣♣♣♣♣♣#######.
....≈♣≈P≈♣≈≈≈≈...... .
..<≈P≈≈≈P≈≈≈≈♣♣....# .#
##...≈.≈≈≈≈≈≈≈♣≈≈#.# ..
.............≈;PS#.#.#.#
#...................Z..
≈♣≈≈≈≈%............#
≈≈≈≈≈≈≈;♣P≈.≈.♣.@..#
P≈≈≈≈≈≈≈P≈≈P≈≈♣###......
≈≈≈≈≈≈≈≈≈≈≈≈≈≈# #.#..
≈≈≈≈≈≈≈≈≈≈≈≈♣.# ..
.♣♣≈≈≈≈≈≈≈≈≈♣.# #
.....≈≈≈P≈P≈≈.#
......♣♣♣♣♣♣#.#
........# ........#


You could see an electric eel, an adder and an adder zombie.

Vanquished Creatures
  The ghost of Jaiteiro the Chopper, a novice MiFi (D:6)
  The ghost of Verendum the Cruncher, an amateur MiGl (D:4)
  Grinder (D:5)
  An orc warrior (D:6)
  2 sky beasts (D:5)
  Duvessa (D:6)
  4 ogres
  A centaur (D:5)
  2 bullfrogs
  A water moccasin zombie (D:4)
  A scorpion (D:6)
  Dowan (D:6)
  A howler monkey (D:5)
  A crimson imp (D:6)
  A quasit (D:6)
  A human zombie (Ossuary)
  A jelly (D:7)
  2 bullfrog skeletons (D:6)
  4 centaur zombies
  2 orc priests
  An orc wizard (D:3)
  2 iguanas
  7 worker ants
  A big kobold zombie (Ossuary)
  2 mummies (Ossuary)
  11 adders
  4 gnolls (D:7)
  A river rat (D:3)
  A shadow imp (D:7)
  13 oozes
  3 adder zombies (Ossuary)
  7 worms
  3 dart slugs
  11 leopard geckos
  22 orcs
  9 bats
  13 giant cockroaches
  4 goblins
  4 hobgoblins
  2 jackals (D:6)
  8 kobolds
  6 quokkas
  9 ball pythons
  13 frilled lizards
  9 hobgoblin zombies (Ossuary)
  2 jackal skeletons
  11 kobold zombies (Ossuary)
  5 orc zombies (Ossuary)
  A rat (D:1)
  3 rat zombies (Ossuary)
218 creatures vanquished.

Vanquished Creatures (others)
  A hound zombie (D:7)
1 creature vanquished.

Grand Total: 219 creatures vanquished

Notes
Turn   | Place    | Note
-------+----------+-------------------------------------------
     0 | D:1      | infcreate the Minotaur Fighter began the quest for the Orb.
     0 | D:1      | Reached XP level 1. HP: 19/19 MP: 0/0
   188 | D:1      | Reached XP level 2. HP: 27/27 MP: 1/1
   811 | D:2      | Reached skill level 3 in Maces & Flails
   811 | D:2      | Reached XP level 3. HP: 3/33 MP: 2/2
  1357 | D:2      | Reached XP level 4. HP: 34/40 MP: 3/3
  1855 | D:3      | Reached skill level 4 in Maces & Flails
  1870 | D:3      | Reached XP level 5. HP: 28/46 MP: 4/4
  2242 | D:3      | Found a glowing drain.
  2309 | Sewer    | Entered a sewer
  2487 | Sewer    | Reached skill level 5 in Maces & Flails
  2494 | Sewer    | Reached skill level 5 in Shields
  2543 | Sewer    | Reached XP level 6. HP: 51/53 MP: 5/5
  2556 | Sewer    | Reached skill level 5 in Armour
  3159 | D:3      | Found a deep blue altar of Sif Muna.
  3328 | D:4      | Found a bloodstained altar of Trog.
  3328 | D:4      | Found a hide-covered altar of Uskayaw.
  3437 | D:4      | Found an ornate altar of the Wu Jian Council.
  3604 | D:4      | Reached skill level 6 in Maces & Flails
  3604 | D:4      | Reached XP level 7. HP: 58/60 MP: 6/6
  3669 | D:4      | Noticed Verendum's ghost (amateur MiGl)
  3671 | D:4      | Found Wearuav's Elemental Accessories.
  3686 | D:4      | Killed Verendum's ghost
  3686 | D:4      | Reached skill level 5 in Fighting
  3955 | D:4      | Reached skill level 7 in Maces & Flails
  4021 | D:4      | Found Goluig's Armour Shop.
  4031 | D:4      | Bought a +2 hat for 160 gold pieces
  4228 | D:4      | Became a worshipper of Trog the Wrathful
  4235 | D:5      | Entered Level 5 of the Dungeon
  4353 | D:5      | Reached XP level 8. HP: 62/69 MP: 7/7
  4704 | D:5      | Noticed Grinder
  4711 | D:5      | Killed Grinder
  4711 | D:5      | Reached skill level 8 in Maces & Flails
  5087 | D:6      | Reached skill level 9 in Maces & Flails
  5196 | D:6      | Found a radiant altar of Vehumet.
  5317 | D:6      | Reached XP level 9. HP: 34/78 MP: 8/8
  5319 | D:6      | Reached * piety under Trog
  5538 | D:6      | Found a snail-covered altar of Cheibriados.
  5580 | D:6      | Noticed Jaiteiro's ghost (novice MiFi)
  5594 | D:6      | Killed Jaiteiro's ghost
  5594 | D:6      | Reached skill level 10 in Maces & Flails
  5910 | D:6      | Noticed Duvessa
  5911 | D:6      | Noticed Dowan
  5984 | D:6      | Killed Dowan
  6013 | D:6      | Killed Duvessa
  6753 | D:7      | Found Houlaecwu's Weapon Shoppe.
  6796 | D:7      | Found a sand-covered staircase.
  6800 | Ossuary  | Entered an ossuary
  6880 | Ossuary  | Reached ** piety under Trog
  7336 | D:7      | Killed from afar by an electric eel

Skill      XL: |  1  2  3  4  5  6  7  8  9 |
---------------+----------------------------+-----
Armour         | 4 5 6 7 |  7.5
Shields        | 4 5 6 8 |  8.7
Fighting       | 4 5 6 7 |  7.2
Maces & Flails | 3 4 5 6 7 9 10 | 10.7

Action                   |  1- 3 |  4- 6 |  7- 9 || total
-------------------------+-------+-------+-------++-------
Melee: Flail             |    79 |   269 |    81 ||   429
       Headbutt          |     8 |    50 |    58 ||   116
       Mace              |       |    23 |   195 ||   218
Invok: Berserk           |       |       |     1 ||     1
  Use: Scroll            |       |     6 |     3 ||     9
  Eat: Chunk             |     1 |     2 |     3 ||     6
       Ration            |       |     2 |     3 ||     5
Armor: Scale mail        |    48 |   146 |    76 ||   270
Dodge: Dodged            |    35 |    94 |    56 ||   185
Block: Shield            |    53 |   181 |   120 ||   354
